 Dungeon Sprint DCSS version 0.23.0-3-gf3c87f2 (webtiles) character file.

Game seed: 15138309399450608051

661600000 Fang the Intangible (level 27, 31/149 HPs)
             Began as a Felid Fighter on Feb 19, 2019.
             Was the Champion of Makhleb.
             Escaped with the Orb!
             The game lasted 00:25:29 (3308 turns).

Fang the Intangible (Felid Fighter)                 Turns: 3308, Time: 00:25:29

Health: 31/149     AC:  3    Str: 21      XL:     27
Magic:  55/55      EV: 39    Int:  9 (12) God:    Makhleb [******]
Gold:   0          SH:  0    Dex: 17      Spells: 80/80 levels left
                                        Lives:  0   Deaths: 4

rFire    . . .     SeeInvis +     - Unarmed
rCold    + . .     Gourm    .   (shield unavailable)
rNeg     . . .     Faith    .   (armour unavailable)
rPois    .         Spirit   .   (helmet unavailable)
rElec    .         Reflect  .   (cloak unavailable)
rCorr    .         Harm     .   (gloves unavailable)
MR       ++++.     NoTele   +   (boots unavailable)
Stlth    ++++......             (no amulet)
HPRegen  0.34/turn              i - +27000 ring of slaying
MPRegen  0.34/turn              m - +27000 ring of slaying

@: quick
A: very small, no armour, no weapons or thrown items, stealth, claws 1, fangs 3,
see invisible, carnivore, speed 1, shaggy fur 3, slow metabolism 1, sharp paws
0: Orb of Zot
a: Minor Destruction, Lesser Servant of Makhleb, Major Destruction, Greater
Servant of Makhleb, Renounce Religion


You escaped.
You worshipped Makhleb.
Makhleb was exalted by your worship.
You were not hungry.

You visited 1 branch

Inventory:

Jewellery
 i - a +27000 ring of slaying (left paw)
 j - a +30 ring of slaying
 k - a +30 ring of slaying
 l - a +30 ring of slaying
 m - a +27000 ring of slaying (right paw)
 n - a +30 ring of slaying
Scrolls
 h - a scroll of blinking
Potions
 a - a potion of might
 c - a potion of curing
 d - a potion of heal wounds
 e - a potion of haste
 f - 2 potions of magic
 g - a potion of berserk rage
Comestibles
 b - a ration


   Skills:
 O Level 27 Fighting
 O Level 27 Dodging
 O Level 27 Stealth
 O Level 27 Unarmed Combat
 O Level 27 Spellcasting
 O Level 27 Conjurations
 O Level 27 Hexes
 O Level 27 Charms
 O Level 27 Summonings
 O Level 27 Necromancy
 O Level 27 Translocations
 O Level 27 Transmutations
 O Level 27 Fire Magic
 O Level 27 Ice Magic
 O Level 27 Air Magic
 O Level 27 Earth Magic
 O Level 27 Poison Magic
 O Level 27 Invocations
 O Level 27 Evocations


You had 80 spell levels left.
You didn't know any spells.
Your spell library was empty.

Dungeon Overview and Level Annotations

Branches:
Dungeon (1/1)

Altars:
Makhleb


Innate Abilities, Weirdness & Mutations

You cannot wear armour.
You are incapable of wielding weapons or throwing items.
Your paws allow you to move quietly. (Stealth)
You have sharp claws.
You have razor-sharp teeth.
You have supernaturally acute eyesight. (SInv)
You are carnivorous and can eat meat at any time.
You cover ground quickly.
Your thick and shaggy fur keeps you warm. (AC +3, rC+)
You have a slow metabolism.
Your sharp claws are effective at attacking unaware monsters.


Message History

No target in view!
You hear a shout! x2
The Ice Fiend calls on the powers of darkness!
Your body is wracked with pain!
You are too injured to fight recklessly!
You are too injured to fight recklessly!
You are too injured to fight recklessly!
You hear a shout!
Things that are here:
a +9 war axe; a +30 ring of slaying You hear a shout! x2
You hear a shout!
The Ice Fiend gestures at you. The bolt of cold misses you.
You hear a shout!
There is a staircase leading out of the dungeon, spattered with blood here.
The Ice Fiend calls on the powers of darkness!
Your body is wracked with pain!
* * * LOW HITPOINT WARNING * * *
You have escaped!

.................................
..#........[.......[............#
...#.......)#.......#............
......#)[)).#......[#.))).......#
...#......###.......###))).......
.........).).[.###1...)))......##
.......#.......)_..)..).)........
....)#)......#...).#.......#.#...
###.)))......#_)@)_#..)..........
#...)#))..........)#......#.#.#..
......)#........_.......)........
...)..)........###)........#.#.#.
....)......##..[.)).###[.........
.......)....#..[.)).#............
......))....#.[.))).#............
...#....)))....).).)).)..........
..#.....))).......))))).#...#....


You could see an Ice Fiend.

Vanquished Creatures
  146 orcs (D)
  A seraph (D)
  15 pandemonium lords (D)
  A Tzitzimitl (D)
  5 Brimstone Fiends (D)
  4 liches (D)
  3 Hell Sentinels (D)
  An Ice Fiend (D)
  15 Orb Guardians (D)
  A tentacled monstrosity (D)
  An eldritch tentacle (D)
  An Executioner (D)
  A daeva (D)
  5 cacodemons (D)
  3 angels (D)
  4 balrugs (D)
  3 reapers (D)
  2 lorocyprocas (D)
  3 black suns (D)
  A blizzard demon (D)
  A green death (D)
  2 great orbs of eyes (D)
  A monstrous demonspawn (D)
  2 hell beasts (D)
  8 soul eaters (D)
  12 hell hogs (D)
  6 sun demons (D)
  5 sixfirhies (D)
  An infernal demonspawn (D)
  4 torturous demonspawn (D)
  2 shadow demons (D)
  A glowing orange brain (D)
  A toenail golem (D)
  2 rust devils (D)
  4 smoke demons (D)
  10 orange demons (D)
  4 hellions (D)
  2 demonic crawlers (D)
  3 hellwings (D)
  11 red devils (D)
  3 ice devils (D)
  3 ynoxinuls (D)
  3 neqoxecs (D)
  A chaos spawn (D)
  3 large abominations (D)
  3 hell hounds (D)
  An eye of draining (D)
  7 starcursed masses (D)
  An iron imp (D)
  3 small abominations (D)
  A shadow imp (D)
  A white imp (D)
  Dispater (D)
  4 vampire knights (D)
  24 ogres (D)
  6 two-headed ogres (D)
363 creatures vanquished.

Vanquished Creatures (others)
  A soul eater (D)
  A shadow demon (D)
  A smoke demon (D)
  A neqoxec (D)
4 creatures vanquished.

Grand Total: 367 creatures vanquished

Notes
Turn   | Place    | Note
-------+----------+-------------------------------------------
     0 | D        | Fang the Felid Fighter began the quest for the Orb.
     0 | D        | Reached XP level 1. HP: 10/10 MP: 2/2
     2 | D        | Noticed a bag of meat
     2 | D        | Noticed a bag of meat
     4 | D        | Became a worshipper of Makhleb the Destroyer
     4 | D        | Noticed a bag of meat
     6 | D        | Noticed a bag of meat
     7 | D        | Noticed a bag of meat
     9 | D        | Noticed a bag of meat
     9 | D        | Noticed a meat berserker
    11 | D        | Killed a bag of meat
    11 | D        | Reached XP level 2. HP: 27/27 MP: 3/3
    11 | D        | Reached XP level 3. HP: 31/31 MP: 4/4
    11 | D        | Reached XP level 4. HP: 35/35 MP: 5/5
    11 | D        | Reached XP level 5. HP: 39/39 MP: 6/6
    11 | D        | Gained mutation: You are covered in thick fur. (AC +2)
                  | [Felid growth]
    11 | D        | Reached XP level 6. HP: 43/43 MP: 7/7
    11 | D        | Reached XP level 7. HP: 47/47 MP: 8/8
    11 | D        | Reached XP level 8. HP: 51/51 MP: 9/9
    11 | D        | Reached XP level 9. HP: 55/55 MP: 10/10
    11 | D        | Reached XP level 10. HP: 59/59 MP: 11/11
    11 | D        | Reached XP level 11. HP: 63/63 MP: 12/12
    12 | D        | Killed a bag of meat
    12 | D        | Reached * piety under Makhleb
    12 | D        | Gained mutation: Your thick and shaggy fur keeps you warm.
                  | (AC +3, rC+) [Felid growth]
    12 | D        | Reached XP level 12. HP: 71/71 MP: 13/13
    14 | D        | Killed a bag of meat
    14 | D        | Reached XP level 13. HP: 76/76 MP: 14/14
    15 | D        | Killed a bag of meat
    15 | D        | Reached XP level 14. HP: 83/83 MP: 15/15
    16 | D        | Killed a meat berserker
    16 | D        | Reached ** piety under Makhleb
    16 | D        | Reached skill level 27 in Dodging
    16 | D        | Reached XP level 15. HP: 91/91 MP: 16/16
    21 | D        | Reached skill level 27 in Fighting
    21 | D        | Reached skill level 27 in Unarmed Combat
    23 | D        | Reached *** piety under Makhleb
    23 | D        | Reached XP level 16. HP: 100/100 MP: 16/29
    27 | D        | Reached skill level 15 in Spellcasting
    27 | D        | Reached XP level 17. HP: 104/104 MP: 16/37
    28 | D        | Reached **** piety under Makhleb
    29 | D        | Noticed a meat berserker
    31 | D        | Noticed a large bag of meat
    32 | D        | Reached skill level 27 in Stealth
    33 | D        | Reached ***** piety under Makhleb
    33 | D        | Reached XP level 18. HP: 109/109 MP: 17/43
    37 | D        | Killed a meat berserker
    38 | D        | Reached skill level 27 in Invocations
    38 | D        | Reached XP level 19. HP: 113/113 MP: 18/50
    40 | D        | Killed a large bag of meat
    40 | D        | Reached skill level 27 in Spellcasting
    46 | D        | Reached ****** piety under Makhleb
    46 | D        | Reached XP level 20. HP: 118/118 MP: 20/52
    57 | D        | Noticed a meat berserker
    58 | D        | Noticed a meat berserker
    59 | D        | Noticed a destroyer
    59 | D        | Noticed a meat berserker
    61 | D        | Killed a destroyer
    61 | D        | Noticed a meat berserker
    62 | D        | Killed a meat berserker
    62 | D        | Reached XP level 21. HP: 82/122 MP: 23/53
    66 | D        | Reached XP level 22. HP: 124/127 MP: 24/54
    73 | D        | Reached XP level 23. HP: 131/131 MP: 25/55
    74 | D        | Noticed a large bag of meat
    79 | D        | Reached XP level 24. HP: 131/136 MP: 26/55
    85 | D        | Killed a large bag of meat
    85 | D        | Reached XP level 25. HP: 140/140 MP: 27/55
    93 | D        | Reached XP level 26. HP: 145/145 MP: 29/55
   105 | D        | Noticed a large bag of meat
   105 | D        | Noticed a large bag of meat
   111 | D        | Killed a large bag of meat
   112 | D        | Reached XP level 27. HP: 149/149 MP: 33/55
   117 | D        | Killed a large bag of meat
   117 | D        | Noticed a destroyer
   129 | D        | Noticed a large bag of meat
   136 | D        | Killed a destroyer
   143 | D        | Killed a large bag of meat
   178 | D        | Noticed a destroyer
   184 | D        | Killed a destroyer
   194 | D        | Noticed The Meatlord
   203 | D        | Killed from afar by The Meatlord
   217 | D        | Killed from afar by The Meatlord
   249 | D        | Noticed a large bag of meat
   264 | D        | Killed a large bag of meat
   303 | D        | Noticed a destroyer
   310 | D        | Killed a destroyer
   378 | D        | Killed The Meatlord
   379 | D        | Got the Orb of Zot
   487 | D        | Paralysed by accursed screaming for 1 turns
   520 | D        | Noticed Zaser the pandemonium lord
   526 | D        | Mangled by Zaser the pandemonium lord
   528 | D        | Noticed Lyudogoa the pandemonium lord
   531 | D        | Killed Zaser the pandemonium lord
   536 | D        | Killed Lyudogoa the pandemonium lord
   592 | D        | Noticed Horergh the pandemonium lord
   597 | D        | Killed Horergh the pandemonium lord
  1134 | D        | HP: 6/149 [hell hog/fireball (46)]
  1143 | D        | Noticed Aluyrph the pandemonium lord
  1146 | D        | Killed Aluyrph the pandemonium lord
  1176 | D        | Noticed a seraph
  1182 | D        | Killed a seraph
  1258 | D        | Noticed Jiery the pandemonium lord
  1270 | D        | Killed Jiery the pandemonium lord
  1426 | D        | Noticed Muniat the pandemonium lord
  1427 | D        | Killed Muniat the pandemonium lord
  1542 | D        | Noticed Ucogukh the pandemonium lord
  1554 | D        | Killed Ucogukh the pandemonium lord
  1716 | D        | Reached skill level 27 in Conjurations
  1716 | D        | Reached skill level 27 in Hexes
  1716 | D        | Reached skill level 27 in Charms
  1716 | D        | Reached skill level 27 in Summonings
  1716 | D        | Reached skill level 27 in Necromancy
  1716 | D        | Reached skill level 27 in Translocations
  1716 | D        | Reached skill level 27 in Transmutations
  1716 | D        | Reached skill level 27 in Fire Magic
  1716 | D        | Reached skill level 27 in Ice Magic
  1716 | D        | Reached skill level 27 in Air Magic
  1716 | D        | Reached skill level 27 in Earth Magic
  1716 | D        | Reached skill level 27 in Poison Magic
  1716 | D        | Reached skill level 27 in Evocations
  1829 | D        | Noticed Reeduat the pandemonium lord
  1835 | D        | Killed Reeduat the pandemonium lord
  1862 | D        | Noticed Huek Cag the pandemonium lord
  1867 | D        | Killed Huek Cag the pandemonium lord
  1916 | D        | Upgraded the game from 0.23.0-2-g0fe3ce5 to
                  | 0.23.0-3-gf3c87f2
  2355 | D        | Noticed Sojuh the pandemonium lord
  2358 | D        | Killed Sojuh the pandemonium lord
  2495 | D        | Noticed Widwanit the pandemonium lord
  2502 | D        | Killed Widwanit the pandemonium lord
  3107 | D        | Noticed Ittuoranu the pandemonium lord
  3112 | D        | Killed Ittuoranu the pandemonium lord
  3142 | D        | Noticed Tote the pandemonium lord
  3146 | D        | Killed Tote the pandemonium lord
  3178 | D        | Noticed Oresyxoa the pandemonium lord
  3182 | D        | Killed from afar by Oresyxoa the pandemonium lord
  3185 | D        | Noticed Xyuk the pandemonium lord
  3187 | D        | Killed Xyuk the pandemonium lord
  3201 | D        | HP: 7/149 [Oresyxoa the pandemonium lord (33)]
  3202 | D        | Killed Oresyxoa the pandemonium lord
  3308 | D        | Escaped with the Orb!

Skill      XL: |  1  2  3  4  5  6  7  8  9 10 11 12 13 14 15 16 17 18 19 20 21 22 23 24 25 26 27 |
---------------+----------------------------------------------------------------------------------+-----
Fighting       | 16 19 20 21 24 27 | 27.0
Dodging        | 20 23 25 26 27 | 27.0
Unarmed Combat | 16 19 20 21 24 27 | 27.0
Stealth        | 12 21 27 | 27.0
Spellcasting   | 8 15 20 26 27 | 27.0
Invocations    | 9 16 22 27 | 27.0
Conjurations   | 27 | 27.0
Hexes          | 27 | 27.0
Charms         | 27 | 27.0
Summonings     | 27 | 27.0
Necromancy     | 27 | 27.0
Translocations | 27 | 27.0
Transmutations | 27 | 27.0
Fire Magic     | 27 | 27.0
Ice Magic      | 27 | 27.0
Air Magic      | 27 | 27.0
Earth Magic    | 27 | 27.0
Poison Magic   | 27 | 27.0
Evocations     | 27 | 27.0

Action                   |  1- 3 |  4- 6 |  7- 9 | 10-12 | 13-15 | 16-18 | 19-21 | 22-24 | 25-27 || total
-------------------------+-------+-------+-------+-------+-------+-------+-------+-------+-------++-------
Melee: Unarmed           |     1 |       |       |     2 |     5 |    10 |    13 |    19 |   323 ||   373
 Stab: Distracted        |       |       |       |       |       |       |       |       |     2 ||     2
  Eat: Chunk             |       |       |       |       |       |       |       |       |    22 ||    22
Armor: Skin              |       |       |       |       |       |       |       |       |     4 ||     4
Dodge: Dodged            |       |       |       |       |     1 |     3 |     4 |     4 |   283 ||   295
